 Dungeon Crawl Stone Soup version 0.27.0-1-g7a089689b8 (webtiles) character file.

Game seed: 4245112589576082672

3085 dtburroughs the Cleaver (level 9, 0/82 HPs)
             Began as a Minotaur Berserker on Aug 4, 2021.
             Was an Elder of Trog.
             Killed by nerve-wracking pain
             ... invoked by an orc priest
              (7 damage)
             ... on level 7 of the Dungeon.
             The game lasted 00:09:18 (7289 turns).

dtburroughs the Cleaver (Minotaur Berserker)        Turns: 7289, Time: 00:09:19

Health: 0/82       AC: 13    Str: 23    XL:     9   Next: 58%
Magic:  8/8        EV: 10    Int:  7    God:    Trog [****..]
Gold:   285        SH:  5    Dex:  9    Spells: 8/8 levels left

rFire    . . .     SeeInvis .   b - +2 battleaxe
rCold    . . .     Faith    .   (shield currently unavailable)
rNeg     . . .     Spirit   .   o - +0 chain mail
rPois    .         Reflect  +   (helmet restricted)
rElec    .         Harm     .   a - +0 cloak
rCorr    .         Rampage  .   d - +0 pair of gloves
Will     .....                  (no boots)
Stlth    ..........             c - amulet of reflection
HPRegen  0.23/turn              (no ring)
MPRegen  0.11/turn              (no ring)

@: lethally poisoned (0 -> -14)
A: horns 2, retaliatory headbutt
a: Renounce Religion, Berserk, Trog's Hand, Brothers in Arms


You were on level 7 of the Dungeon.
You worshipped Trog.
Trog was greatly pleased with you.
You visited 1 branch of the dungeon, and saw 7 of its levels.

You collected 285 gold pieces.

Inventory:

Hand Weapons
 b - a +2 battleaxe (weapon)
 w - a +0 war axe
Armour
 a - a +0 cloak (worn)
 d - a +0 pair of gloves (worn)
 o - a +0 chain mail (worn)
Jewellery
 c - an amulet of reflection (around neck)
Wands
 r - a wand of digging (6)
 y - a wand of mindburst (14)
Scrolls
 e - 6 scrolls of identify {unknown}
 g - 2 scrolls of fog {unknown}
 h - a scroll of blinking {unknown}
 i - a scroll of immolation {unknown}
 m - a scroll of enchant weapon {unknown}
 p - a scroll of magic mapping {unknown}
 t - a scroll of teleportation {unknown}
 x - a scroll of vulnerability {unknown}
 A - a scroll of summoning {unknown}
Potions
 f - a potion of might {unknown}
 j - 2 potions of ambrosia {unknown}
 k - 2 potions of attraction {unknown}
 l - a potion of heal wounds {unknown}
 n - a potion of brilliance {unknown}
 q - 2 potions of flight {unknown}
 s - 2 potions of curing {unknown}
 u - a potion of cancellation {unknown}
 v - a potion of invisibility {unknown}
 z - a potion of magic {unknown}


   Skills:
 + Level 8.3 Fighting
 + Level 8.3 Axes
 + Level 7.8 Armour
 + Level 7.1 Dodging
 + Level 4.3 Evocations


You had 8 spell levels left.
You didn't know any spells.
Your spell library was empty.

Dungeon Overview and Level Annotations

Branches:
Dungeon (8/15)
 Temple: D:4-7         Lair: D:8-11

Altars:
Yredelemnul

Shops:
D:1 [


Innate Abilities, Weirdness & Mutations

You have a pair of horns on your head.
You reflexively headbutt those who attack you in melee.


Message History

You barely miss the orc warrior.
You headbutt the orc warrior, but do no damage.
The orc warrior is moderately wounded.
You miss something.
You feel extremely sick.
You hear some strange, mumbled words.
A magic dart appears from out of thin air!
The magic dart hits you. The orc warrior closely misses you.
You furiously retaliate!
You headbutt the orc warrior, but do no damage.
A troll comes into view.
Something hits you but does no damage.
The troll shouts!
You slash the orc warrior! Your headbutt misses the orc warrior.
The orc warrior is almost dead.
You slash something!
You feel very sick.
The orc warrior hits you but does no damage.
Something hits you but does no damage.
You barely miss something. You slice the orc warrior!!
You kill the orc warrior!
Trog accepts your kill.
You feel very sick.
The orc wizard mumbles some strange words.
The orc wizard flickers and vanishes!
Something completely misses you.
The orc priest mumbles some strange prayers to Beogh against you.
Beogh smites you!
* * * LOW HITPOINT WARNING * * *
You closely miss something. You closely miss the orc.
* * * LOW HITPOINT WARNING * * *
You feel very sick. Something hits you.
* * * LOW HITPOINT WARNING * * *
You are more poisoned.
The orc barely misses you. You furiously retaliate!
You headbutt the orc!
You kill the orc!
Trog accepts your kill.
The orc priest mumbles some strange prayers to Beogh against you.
Pain shoots through your body!
You die...

#...# #)#.###.## #.#####.##.
#...# #)).# #..# #.......##.
#...# #.).###..# ###########.
###...#####.#......# #.....# #.
.............#.....###.....# ###.
...............#...........# #...
............T#....####.....###.##
###...#####.o..)))# #....)))#.#
#...# ######@### ##.####.#)#
#...# #..{..# #.####)#)# #...#
#.#.#.####.#......# #....
#.#........#.##.### #...# #
###.###..#.##.# #...# ...#
#.......# ##### #########


You could see a troll and an orc priest.

Vanquished Creatures
  Pikel (D:8)
  6 yaks (D:8)
  A steam dragon (D:8)
  A water moccasin (D:8)
  An orc warrior (D:7)
  An ogre (D:7)
  A wolf (D:8)
  A lemure (D:8)
  2 kobold brigands (D:7)
  A bullfrog (D:7)
  A gnoll sergeant (D:8)
  2 scorpions (D:5)
  A water moccasin skeleton (D:5)
  8 wights
  A hound (D:5)
  2 jellies
  A bullfrog skeleton (D:5)
  An orc priest (D:5)
  2 iguanas
  4 orc wizards
  6 gnolls
  6 adders
  2 adder skeletons (D:4)
  2 worms
  A dart slug (D:1)
  25 orcs
  9 ball pythons
  5 endoplasms
  4 giant cockroaches
  6 goblins
  8 hobgoblins
  8 jackals (D:4)
  5 quokkas
  5 bats
  3 frilled lizards
  11 kobolds
  7 rats
152 creatures vanquished.

Notes
Turn   | Place    | Note
-------+----------+-------------------------------------------
     0 | D:1      | dtburroughs the Minotaur Berserker began the quest for the
                  | Orb.
     0 | D:1      | Reached XP level 1. HP: 19/19 MP: 0/0
   486 | D:1      | Reached XP level 2. HP: 27/27 MP: 1/1
   752 | D:1      | Found Junobren's Armour Shop.
  1045 | D:1      | Reached ** piety under Trog
  1625 | D:2      | Found a faded altar of an unknown god.
  1641 | D:2      | Reached XP level 3. HP: 33/33 MP: 2/2
  2536 | D:3      | Reached XP level 4. HP: 35/41 MP: 3/3
  4010 | D:4      | Found a basalt altar of Yredelemnul.
  4053 | D:4      | Reached *** piety under Trog
  4054 | D:4      | Reached XP level 5. HP: 47/47 MP: 4/4
  4270 | D:4      | Reached skill level 5 in Fighting
  4343 | D:4      | Reached skill level 5 in Axes
  4929 | D:5      | Entered Level 5 of the Dungeon
  4940 | D:5      | Reached XP level 6. HP: 51/56 MP: 5/5
  5289 | D:5      | Reached XP level 7. HP: 56/62 MP: 6/6
  5350 | D:5      | Reached skill level 5 in Armour
  5552 | D:5      | You fall into a shaft and drop 3 floors!
  5565 | D:8      | Reached skill level 1 in Evocations
  5664 | D:8      | Noticed a steam dragon
  5676 | D:8      | Killed a steam dragon
  5677 | D:8      | Reached skill level 5 in Dodging
  5742 | D:8      | Noticed a yak
  5742 | D:8      | Noticed a yak
  5758 | D:8      | Killed a yak
  5759 | D:8      | Reached XP level 8. HP: 53/71 MP: 7/7
  5808 | D:8      | Reached **** piety under Trog
  6373 | D:8      | Noticed Pikel
  6391 | D:8      | Killed Pikel
  6392 | D:8      | Reached XP level 9. HP: 55/81 MP: 8/8
  7286 | D:7      | Noticed a troll
  7289 | D:7      | Killed from afar by an orc priest

Illustrated notes

Levels and vault maps discovered:
D:1:      sevenhm_arrival_forest_fort_large_2, layout_basic, serial_shops, shop,
          minmay_misc_feat_x, grunt_decor_junction, minmay_3d_cube
D:2:      layout_loops_ring, shapermc_ecumenical_altar_acropolis, serial_glass,
          glass_columns_b, glass_columns_b, minmay_goblin_outpost
D:3:      layout_basic
D:4:      layout_basic, yredelemnul_altar_generic
D:5:      layout_basic, grunt_ministairs_13, uniq_blork_the_orc
D:7:      layout_loops_cross
D:8:      layout_cave_pods, kennysheep_mini, minmay_lair_entry_grove, uniq_pikel

Skill      XL: |  1  2  3  4  5  6  7  8  9 |
---------------+----------------------------+-----
Fighting       | 4 5 6 7 8 |  8.3
Axes           | 4 5 6 7 8 |  8.3
Armour         | 3 4 5 7 |  7.8
Dodging        | 3 4 5 6 7 |  7.1
Evocations     | 2 3 4 |  4.3

Action                   |  1- 3 |  4- 6 |  7- 9 || total
-------------------------+-------+-------+-------++-------
Melee: Hand axe          |    71 |   178 |       ||   249
       Headbutt          |     7 |    35 |    30 ||    72
       War axe           |       |       |    28 ||    28
       Battleaxe         |       |       |   130 ||   130
Invok: Berserk           |     1 |     1 |     4 ||     6
       Trog's Hand       |       |       |     4 ||     4
Armor: Animal skin       |    17 |     5 |       ||    22
       Chain mail        |       |    94 |    99 ||   193
Dodge: Dodged            |    46 |    79 |    88 ||   213
Block: Other             |       |       |    58 ||    58
       Reflection        |       |       |     2 ||     2
